 Dungeon Crawl Stone Soup version 0.31-a0-263-ge8cad7f256 (webtiles) character file.

Game seed: 2470834229307602274

21 dolemite99 the Changeling (level 2, -1/29 HPs)
             Began as an Ogre Shapeshifter on July 14, 2023.
             Slain by a worm (8 damage)
             ... on level 1 of the Dungeon.
             The game lasted 00:00:26 (247 turns).

dolemite99 the Changeling (Ogre Shapeshifter)        Turns: 247, Time: 00:00:27

Health: -1/29      AC:  3    Str: 18    XL:     2   Next: 83%
Magic:  2/2        EV:  9    Int:  9    God:
Gold:   17         SH:  0    Dex:  9    Spells: 1/1 levels left

rFire   . .          .
                       - Unarmed
rCold   . . .        (no shield)
rNeg    . . .        a - +0 animal skin
rPois   .            (helmet currently unavailable)
rElec   .            (cloak currently unavailable)
rCorr   .            (gloves unavailable)
SInv    .            (boots unavailable)
Will    .....        (no amulet)
Stlth   +            (no ring)
HPRegen 0.24/turn    (no ring)
MPRegen 0.08/turn

%: no passive effects
@: beast-form
A: beast (slay +2), large, unfitting armour, tough skin 1
a: Begin Untransformation


You were on level 1 of the Dungeon.
You were a hulking beast.
You visited 1 branch of the dungeon, and saw 1 of its levels.

You collected 17 gold pieces.

Inventory:

Armour
 a - a +0 animal skin (worn)
Talismans
 c - a beast talisman
Scrolls
 d - a scroll of teleportation {unknown}
 e - a scroll of identify {unknown}
 f - a scroll of torment {unknown}
Potions
 b - a potion of lignification


   Skills:
 - Level 2.6 Fighting
 - Level 1.7 Dodging
 + Level 3.0 Unarmed Combat
 - Level 3.0 Shapeshifting


You had one spell level left.
You didn't know any spells.
Your spell library was empty.

Dungeon Overview and Level Annotations

Branches:
Dungeon (1/15)

Altars:

Shops:
D:1 :


Innate Abilities, Weirdness & Mutations

You are a hulking beast.
Your limbs bulge with bestial killing power. (Slay +2)
You are too large for most types of armour.
You have tough skin. (AC +1)


Message History

You are too injured to fight recklessly!
You are too injured to fight recklessly!
The hobgoblin attacks as you move away! The hobgoblin barely misses you.
The hobgoblin attacks as you move away!
The hobgoblin hits you but does no damage.
The hobgoblin attacks as you move away! The hobgoblin barely misses you.
The hobgoblin attacks as you move away! The hobgoblin hits you.
You punch the hobgoblin!
You kill the hobgoblin!
You hit the endoplasm. You punch the endoplasm.
You kill the endoplasm!
The endoplasm freezes you.
You are frozen.
You see here a hobgoblin corpse.
You hit the endoplasm.
The endoplasm is moderately wounded.
The endoplasm freezes you.
You are frozen.
You are too injured to fight recklessly!
You hit the endoplasm.
The endoplasm is severely wounded.
The endoplasm freezes you.
You are frozen.
You are too injured to fight recklessly!
You hit the endoplasm.
You kill the endoplasm!
Your Unarmed Combat skill increases to level 3!
You are too injured to fight recklessly!
You are too injured to fight recklessly!
You hit the worm.
The worm is moderately wounded.
The worm bites you!
* * * LOW HITPOINT WARNING * * *
You are too injured to fight recklessly!
You barely miss the worm.
The worm is moderately wounded.
You hit the worm but do no damage.
The worm is moderately wounded.
The worm bites you!
You die...

#...^.^...# #.#
#.^>.^....# #.#
#.......# ..##.#
#..†.J# .....# #$###
#.##.# #...#
##.##.###### ##..#
#...#.......
##.#########...#....###
#....wh†.......#†##..†)
############.....######
##....### #.....#
##.##### #..# ####


You could see a worm.

Vanquished Creatures
  2 ball pythons (D:1)
  2 endoplasms (D:1)
  A giant cockroach (D:1)
  3 hobgoblins (D:1)
  2 kobolds (D:1)
  3 quokkas (D:1)
  3 frilled lizards (D:1)
  2 rats (D:1)
18 creatures vanquished.

Notes
Turn   | Place    | Note
-------+----------+-------------------------------------------
     0 | D:1      | dolemite99 the Ogre Shapeshifter began the quest for the
                  | Orb.
     0 | D:1      | Reached XP level 1. HP: 22/22 MP: 1/1
    96 | D:1      | Reached XP level 2. HP: 28/29 MP: 2/2
    99 | D:1      | Found Ashof's Book Boutique.
   247 | D:1      | Slain by a worm

Illustrated notes

Levels and vault maps discovered:
D:1:      dpeg_arrival_renting, layout_rooms, serial_shops,
          nicolae_shop_window_shopping, nicolae_wormholes

Skill      XL: |  1  2 |
---------------+-------+-----
Unarmed Combat | 2 3 |  3.0
Fighting       | |  2.6
Dodging        | |  1.7
Shapeshifting  | |  3.0

Action                     || total
---------------------------++-------
  Melee: Unarmed           ||    49
         Punch             ||     2
 Armour: Animal skin       ||    11
  Dodge: Dodged            ||    26

Table legend: (Time is in decaauts)
 A = Elapsed time spent in this place.
 B = Non-inter-level travel time spent in this place.
 C = Inter-level travel time spent in this place.
 D = Time resting spent in this place.
 E = Time spent auto-exploring this place.
 F = Levels seen in this place.
 G = Mean time per level.
                   A        B        C        D        E       F      G
               +--------+--------+--------+--------+--------+-----+--------+
         Total |    244 |    244 |      0 |     20 |    117 |   1 |  244.0 |
       Dungeon |    244 |    244 |      0 |     20 |    117 |   1 |  244.0 |
               +--------+--------+--------+--------+--------+-----+--------+

Top non-repeatable levels by time:
     D:1: 244 daAuts
